 Dungeon Crawl Stone Soup version 0.29.1-15-g9cfb28693d (webtiles) character file.

Game seed: 10011420644160931397

5656 tizbic2 the Slicer (level 10, -2/132 HPs)
             Began as a Purple Draconian Arcane Marksman on Apr 22, 2023.
             Was a Priest of the Shining One.
             Slain by an orc knight
             ... wielding a +0 glaive
              (14 damage)
             ... in a bailey.
             The game lasted 00:35:06 (6442 turns).

tizbic2 the Slicer (DrAM)                           Turns: 6442, Time: 00:35:07

Health: -2/132     AC: 25    Str: 14    XL:     10   Next: 46%
Magic:  19/21      EV:  2    Int: 10    God:    the Shining One [***...]
Gold:   318        SH:  8    Dex: 17    Spells: 20/24 levels left

rFire   + + .      SeeInvis .   i - +5 short sword of the Viper {spect, rElec rPois Int-3 Dex-3}
rCold   + . .      Faith    .   (no shield)
rNeg    + + .      Spirit   .   (body armour unavailable)
rPois   +          Reflect  .   (helmet currently unavailable)
rElec   +          Harm     .   (cloak currently unavailable)
rCorr   .          Rampage  .   (gloves currently unavailable)
Will    +....      NoTele   +   (boots currently unavailable)
Stlth   +.........              E - amulet of regeneration
HPRegen 1.12/turn               B - ring of Tupoage {rElec Str+2 Int-3 Dex+6}
MPRegen 0.17/turn               c - ring "Waotoifourgh" {Drain rF++ rC+ rN+ Stlth+}

@: divinely shielded, short of breath, tree-form, glowing
A: stationary, stasis, torment immunity, boosted hp, (breathe power), AC +7,
unfitting armour, (cold-blooded)
a: Renounce Religion, Divine Shield, Cleansing Flame


You were in a bailey.
You worshipped the Shining One.
The Shining One was most pleased with you.
You were a tree.
You visited 2 branches of the dungeon, and saw 8 of its levels.
You also visited: Bailey.

You collected 449 gold pieces.
You spent 121 gold pieces at shops.
You donated 10 gold pieces to Zin.

Inventory:

Hand Weapons
 a - a +5 great sword
 e - a +2 dagger of speed
 i - the +5 short sword of the Viper (weapon) {spect, rElec rPois Int-3 Dex-3}
   (You took it off a goblin on level 3 of the Dungeon)

   When its wielder attacks, the weapon's spirit leaps out and strikes again.
   The spirit shares a part of any damage it takes with its wielder.
   Int:       It affects your intelligence (-3).
   Dex:       It affects your dexterity (-3).
   rElec:     It insulates you from electricity.
   rPois:     It protects you from poison.
 k - a +1 rapier of distortion
 q - the +7 Throatcutter {drain, coup de grace}
   (You found it on level 3 of the Dungeon)

   A truly terrible weapon, it drains the life of any living foe it strikes.
   It may instantly kill foes which have little health.
   The Shining One disapproves of the use of such an item.
 w - a -3 hand crossbow of electrocution
 D - the +7 executioner's axe "Seecwuro" {speed, +Blink rPois}
   (You found it in a bailey)

   Attacks with this weapon are significantly faster.
   rPois:     It protects you from poison.
   +Blink:    It lets you blink.
 J - a +5 falchion
Missiles
 m - a throwing net
 n - 31 poisoned darts
 y - 4 boomerangs
Armour
 t - a +1 pair of boots (melded)
Jewellery
 c - the ring "Waotoifourgh" (right branch) {Drain rF++ rC+ rN+ Stlth+}
   (You took it off a goblin on level 3 of the Dungeon)

   [ring of positive energy]

   rF:        It greatly protects you from fire.
   rC:        It protects you from cold.
   rN:        It protects you from negative energy.
   Drain:     It drains your maximum health when unequipped.
   Stlth:     It makes you more stealthy.
 o - an amulet of faith
 u - a ring of resist corrosion
 x - a +4 ring of protection
 B - the ring of Tupoage (left branch) {rElec Str+2 Int-3 Dex+6}
   (You found it on level 6 of the Dungeon)

   [ring of dexterity]

   Str:       It affects your strength (+2).
   Int:       It affects your intelligence (-3).
   Dex:       It affects your dexterity (+6).
   rElec:     It insulates you from electricity.
 E - an amulet of regeneration (around neck)
 H - a +6 ring of strength
Wands
 C - a wand of roots (7)
Scrolls
 b - a scroll of poison
 j - 2 scrolls of summoning
 l - 6 scrolls of teleportation
 v - 2 scrolls of blinking
 A - a scroll of vulnerability {unknown}
 F - a scroll of amnesia {unknown}
Potions
 d - a potion of lignification
 f - 3 potions of might
 g - 4 potions of curing {unknown}
 p - 3 potions of mutation {unknown}
 r - 2 potions of attraction
 s - 2 potions of cancellation {unknown}
 z - a potion of flight {unknown}
 I - a potion of ambrosia {unknown}


   Skills:
 + Level 7.7 Fighting
 * Level 9.7 Short Blades
 - Level 2.4 Ranged Weapons
 - Level 1.7 Dodging
 + Level 7.8 Spellcasting
 + Level 4.9 Hexes
 + Level 6.6 Invocations


You had 20 spell levels left.
You knew the following spells:

 Your Spells              Type           Power      Damage    Failure   Level
a - Slow                  Hex            52%        N/A       2%          1
b - Ozocubu's Armour      Ice            3%         N/A       45%         3

Your spell library contained the following spells:

 Spells                   Type           Power      Damage    Failure   Level
 Inner Flame              Hex/Fire       8%         N/A       19%         3
 Portal Projectile        Hex/Tloc       16%        N/A       19%         3
 Cause Fear               Hex            6%         N/A       22%         4
 Static Discharge         Conj/Air       3%         3-4/arc   26%         2
 Summon Ice Beast         Ice/Summ       3%         N/A       86%         4
 Metabolic Englaciation   Hex/Ice        4%         N/A       86%         5
 Summon Mana Viper        Hex/Summ       8%         N/A       86%         5
 Lightning Bolt           Conj/Air       1%         1d12      99%         5
 Simulacrum               Ice/Necr       1%         N/A       100%        6
 Monstrous Menagerie      Summ           1%         N/A       100%        7
 Maxwell's Capacitive Co  Air            1%         ∞         100%        8


Dungeon Overview and Level Annotations

Branches:
Dungeon (7/15)             Temple (1/1) D:5          Bailey (1/1)

Altars:
Ashenzari
Cheibriados
Dithmenos
Fedhas
Gozag
Hepliaklqana
Makhleb
Nemelex Xobeh
Qazlal
Sif Muna
Wu Jian
Xom
Zin
The Shining One

Shops:
D:5 *


Innate Abilities, Weirdness & Mutations

You are a tree.
Your roots penetrate the ground, keeping you stationary.
You cannot be teleported.
You are immune to unholy pain and torment.
Your maximum health is greatly increased.
Your equipment is partially melded.
((You can breathe bolts of dispelling energy.))
((Your rich purple scales are hard. (AC +7)))
You cannot fit into any form of body armour.
((You are cold-blooded and may be slowed by cold attacks.))


Message History

The bolt of dispelling energy hits the orc knight!
The orc knight is lightly wounded.
A divine shield forms around you!
The orc knight hits you from afar with a +0 glaive.
Your -3 hand crossbow of electrocution stops crackling.
You feel stupid.
You feel clumsy.
You feel a bond with the +5 short sword of the Viper {spect, rElec rPois Int-3 Dex-3}.
i - the +5 short sword of the Viper (weapon)
{spect, rElec rPois Int-3 Dex-3} The orc warrior misses you.
The orc knight hits you with a +0 glaive!!
You hit the orc knight.
You tail-slap the orc knight, but do no damage.
The orc knight is moderately wounded.
Your +5 short sword of the Viper {spect, rElec rPois Int-3 Dex-3} hits the orc knight.
The orc warrior hits you from afar with a +0 glaive!
The orc knight hits your +5 short sword of the Viper {spect, rElec rPois Int-3 Dex-3} with a +0 glaive!!
Your spectral weapon shares its damage with you!
Your +5 short sword of the Viper {spect, rElec rPois Int-3 Dex-3} fades away.
You hit the orc knight.
Your tail-slap misses the orc knight.
You punch the orc knight.
The orc knight is heavily wounded.
Your +5 short sword of the Viper {spect, rElec rPois Int-3 Dex-3} hits the orc knight.
You hit the orc knight.
The orc knight is heavily wounded.
Your +5 short sword of the Viper {spect, rElec rPois Int-3 Dex-3} hits the orc knight.
The orc knight hits you with a +0 glaive!!
* * * LOW HITPOINT WARNING * * *
The orc warrior hits you from afar with a +0 glaive.
* * * LOW HITPOINT WARNING * * *
You feel much better.
The orc warrior hits you from afar with a +0 glaive!!
* * * LOW HITPOINT WARNING * * *
Really quaff the potion of lignification?
You turn into a tree.
Your +1 pair of boots melds into your body.
Your roots penetrate the ground.
The orc warrior hits you from afar with a +0 glaive!
* * * LOW HITPOINT WARNING * * *
The orc knight hits you with a +0 glaive!
You die...

#.....≈≈###≈≈...............≈≈###
#.....≈##.##≈...............≈##.#
#.....≈#...)...........).......).
#.....≈##.∩#≈..........)....≈#∩)#
#.....≈≈#.##≈....#######....≈##.#
#......≈≈.≈≈≈...##....##....≈≈≈.≈
#..............##§o...##.........
#.............##o)#'''##.........
#.............#.♣##o.∩##..##.....
#............##.####o####.##.....
#............##.')#oo.#)'.##.....
#............##.###o8.###.##.....
#............##.'.#?.:#)'.##.....
#............##.#########.##.....
#.............#..##.#.##..#......
#.............##..#'#'#..##......
#.......)))....##.......##.......


You could see an orc knight and an orc warrior (strong).

Vanquished Creatures
  The ghost of QwertyIsDirtey404 the Cutter, a novice DrBe of Trog (D:7)
  A komodo dragon (D:6)
  A vampire (D:6)
  2 shadows (D:6)
  2 water moccasins
  Edmund (D:6)
  2 sky beasts
  2 black bears (D:7)
  8 orc warriors
  9 ogres
  A centaur (D:6)
  A phantom (D:5)
  2 kobold brigands
  2 bullfrogs
  5 scorpions
  3 necrophages (D:6)
  8 wights (D:7)
  2 jellies
  A gnoll bouda (D:7)
  2 orc priests (D:3)
  4 hounds
  7 iguanas
  3 orc wizards
  Robin (D:2)
  6 adders
  8 gnolls
  2 white imps (D:7)
  2 ufetubi
  4 worms
  3 dart slugs
  44 orcs
  7 ball pythons
  4 bats
  7 endoplasms
  4 giant cockroaches
  18 goblins
  14 hobgoblins
  4 jackals (D:3)
  A quokka (D:2)
  4 frilled lizards
  12 kobolds
  9 rats
224 creatures vanquished.

Vanquished Creatures (others)
  4 plants (D:3)
4 creatures vanquished.

Grand Total: 228 creatures vanquished

Notes
Turn   | Place    | Note
-------+----------+-------------------------------------------
     0 | D:1      | tizbic2 the Draconian Arcane Marksman began the quest for
                  | the Orb.
     0 | D:1      | Reached XP level 1. HP: 16/16 MP: 2/2
   262 | D:1      | Reached XP level 2. HP: 23/23 MP: 3/3
   457 | D:1      | Found a faded altar of an unknown god.
   468 | D:1      | Prayed at the altar of an unknown god.
   468 | D:1      | Became a worshipper of Zin the Law-Giver
   468 | D:1      | Reached * piety under Zin
   650 | D:2      | Noticed Robin
   902 | D:2      | Found a glowing golden altar of the Shining One.
   914 | D:2      | Reached XP level 3. HP: 29/29 MP: 5/5
  1005 | D:2      | Reached ** piety under Zin
  1045 | D:2      | Reached skill level 1 in Short Blades
  1365 | D:2      | Killed Robin
  1366 | D:2      | Reached XP level 4. HP: 32/35 MP: 6/6
  1468 | D:2      | Fell from the grace of Zin
  1468 | D:2      | Became a worshipper of the Shining One
  1468 | D:2      | Reached * piety under the Shining One
  1700 | D:3      | Reached skill level 2 in Short Blades
  1729 | D:3      | Noticed an ogre
  1782 | D:3      | Killed an ogre
  1783 | D:3      | Reached XP level 5. HP: 28/44 MP: 4/8
  1874 | D:3      | Learned a level 3 spell: Ozocubu's Armour
  1918 | D:3      | Reached skill level 3 in Short Blades
  1987 | D:3      | Reached XP level 6. HP: 23/51 MP: 8/10
  2239 | D:3      | Found the +7 Throatcutter {drain, coup de grace}
  2416 | D:3      | Found a faded altar of an unknown god.
  2417 | D:3      | Identified the ring "Waotoifourgh" {Drain rF++ rC+ rN+
                  | Stlth+}
  2417 | D:3      | Identified the +5 short sword of the Viper {spect, rElec
                  | rPois Int-3 Dex-3}
  2419 | D:3      | Found a faded altar of an unknown god.
  2419 | D:3      | Found a faded altar of an unknown god.
  2419 | D:3      | Found a hazy altar of Hepliaklqana.
  2440 | D:3      | Found a faded altar of an unknown god.
  2440 | D:3      | Found a faded altar of an unknown god.
  2699 | D:4      | Reached skill level 4 in Short Blades
  2740 | D:4      | Reached skill level 1 in Invocations
  2740 | D:4      | Your scales start taking on a rich purple colour.
  2740 | D:4      | Reached XP level 7. HP: 54/58 MP: 11/13
  2842 | D:4      | Reached ** piety under the Shining One
  2878 | D:4      | Reached skill level 5 in Short Blades
  2906 | D:4      | Found a shimmering altar of Xom.
  3044 | D:4      | Found a stormy altar of Qazlal.
  3047 | D:4      | Noticed a water elemental
  3048 | D:4      | Noticed an air elemental
  3048 | D:4      | Noticed a fire elemental
  3094 | D:5      | Entered Level 5 of the Dungeon
  3266 | D:5      | Found Vomm's Lightly-Used Armoury.
  3276 | D:5      | Bought a -1 double sword for 120 gold pieces
  3360 | D:5      | Reached XP level 8. HP: 67/67 MP: 15/15
  3467 | D:5      | Reached skill level 5 in Spellcasting
  3478 | D:5      | Found a staircase to the Ecumenical Temple.
  3484 | D:5      | Reached skill level 6 in Short Blades
  3505 | D:5      | Reached skill level 5 in Fighting
  3511 | Temple   | Entered the Ecumenical Temple
  3977 | D:6      | Reached skill level 7 in Short Blades
  4058 | D:6      | Found a glowing golden altar of the Shining One.
  4228 | D:6      | Noticed Edmund
  4243 | D:6      | Killed Edmund
  4302 | D:6      | Reached XP level 9. HP: 69/75 MP: 18/18
  4384 | D:6      | Found a large runed translucent door.
  4384 | D:6      | Found a large runed translucent door.
  4425 | D:6      | Noticed a komodo dragon
  4449 | D:6      | Killed a komodo dragon
  4450 | D:6      | Reached skill level 8 in Short Blades
  4450 | D:6      | Reached skill level 5 in Invocations
  4450 | D:6      | Found a large runed translucent door.
  4450 | D:6      | Found a large runed translucent door.
  4456 | D:6      | Identified the ring of Tupoage {rElec Str+2 Int-3 Dex+6}
  4899 | D:5      | Bought a -3 hand crossbow for 1 gold piece
  5417 | D:7      | Reached skill level 9 in Short Blades
  5465 | D:7      | Reached XP level 10. HP: 85/86 MP: 20/20
  5515 | D:7      | Found a large runed translucent door.
  5516 | D:7      | Found a large runed translucent door.
  5520 | D:7      | Noticed QwertyIsDirtey404's ghost (novice DrBe)
  5533 | D:7      | Killed QwertyIsDirtey404's ghost
  5645 | D:7      | Reached *** piety under the Shining One
  6039 | D:7      | Found a flagged portal.
  6048 | Bailey   | Entered a bailey
  6423 | Bailey   | Identified the +7 executioner's axe "Seecwuro" {speed,
                  | +Blink rPois}
  6428 | Bailey   | Noticed an orc knight
  6442 | Bailey   | Slain by an orc knight

Illustrated notes

Levels and vault maps discovered:
D:1:      matt_arrival_refuge, layout_rooms, shapermc_ecumenical_altar_pompeii,
          minmay_misc_feat_ornament
D:2:      layout_loops_ring, basic_altar, palyth_stone_intersect, st_stairs_3,
          reono_crystal_passage, uniq_robin
D:3:      layout_rooms, nicolae_hepliaklqana_ecumenical_no_more,
          dilly_guarded_unrand_throatcut
D:4:      layout_rooms, mainiacjoe_overflow_concentric_impassable,
          nicolae_qazlal_style_of_elements
D:5:      layout_loops_ring, minmay_temple_entry_drinking_statues,
          minmay_shop_damaged
D:6:      layout_layer_cave, nicolae_tso_swordbearing_angel,
          minmay_hollow_rounded_squares, uniq_edmund
D:7:      layout_basic, enter_bailey_4, ebering_ghost_disaster_area
Temple:   nicolae_temple_ecumenical_triangle
Bailey:   bailey_polearm_2, bailey

Skill      XL: |  1  2  3  4  5  6  7  8  9 |
---------------+----------------------------+-----
Ranged Weapons | 2 |  2.4
Short Blades   | 1 2 3 4 5 7 9 |  9.7
Fighting       | 2 3 4 5 7 |  7.7
Spellcasting   | 2 4 6 7 |  7.8
Invocations    | 1 2 4 6 |  6.6
Hexes          | 3 4 |  4.9
Dodging        | |  1.7

Action                   |  1- 3 |  4- 6 |  7- 9 | 10-12 || total
-------------------------+-------+-------+-------+-------++-------
Melee: Mace              |    12 |       |       |       ||    12
       Rapier            |    48 |    77 |       |       ||   125
       Tailslap          |     2 |    16 |    54 |    12 ||    84
       Short sword       |       |    23 |   238 |    26 ||   287
       Punch             |       |     2 |     8 |     3 ||    13
       Great sword       |       |       |    11 |    33 ||    44
       Dagger            |       |       |       |     8 ||     8
 Fire: Sling             |    52 |       |       |       ||    52
       Hand crossbow     |       |       |     7 |    40 ||    47
 Cast: Slow              |     3 |    11 |    21 |       ||    35
Invok: Divine Shield     |       |       |       |     1 ||     1
 Abil: Breathe Dispellin |       |       |     8 |     2 ||    10
  Use: Scroll            |     2 |     3 |     6 |     1 ||    12
       Potion            |       |       |     3 |     3 ||     6
 Stab: Sleeping          |     1 |       |       |       ||     1
Armor: Skin              |    37 |    16 |    63 |    18 ||   134
Dodge: Dodged            |    70 |    41 |   101 |    46 ||   258
